 Dungeon Crawl Stone Soup version 0.28-a0-771-g91a516d0e7 (webtiles) character file.

Game seed: 14348421051453393867

39 MirrMurr the Sneak (level 3, 0/16 HPs)
             Began as a Spriggan Enchanter on Nov 1, 2021.
             Succumbed to a goblin's poison
             ... on level 1 of the Dungeon.
             The game lasted 00:02:15 (960 turns).

MirrMurr the Sneak (Spriggan Enchanter)              Turns: 960, Time: 00:02:15

Health: 0/16       AC:  2    Str:  5    XL:     3   Next: 26%
Magic:  6/8        EV: 17    Int: 16    God:
Gold:   50         SH:  0    Dex: 15    Spells: 5/7 levels left

rFire   . . .      SeeInvis +   a - +1 dagger
rCold   . . .      Faith    .   (shield restricted)
rNeg    . . .      Spirit   .   b - +0 robe
rPois   .          Reflect  .   (helmet restricted)
rElec   .          Harm     .   (no cloak)
rCorr   .          Rampage  .   (gloves unavailable)
Will    .....                   (boots unavailable)
Stlth   +++.......              (no amulet)
HPRegen 0.05/turn               (no ring)
MPRegen 0.11/turn               (no ring)

@: lethally poisoned (0 -> -11), attractive, very quick
A: very small, no large weapons, unfitting armour, see invisible, speed 3
a: no special abilities


You were on level 1 of the Dungeon.
You visited 1 branch of the dungeon, and saw 2 of its levels.

You collected 50 gold pieces.

Inventory:

Hand Weapons
 a - a +1 dagger (weapon)
Missiles
 f - 26 stones (quivered)
Armour
 b - a +0 robe (worn)
Scrolls
 e - a scroll of noise {unknown}
Potions
 c - a potion of invisibility
 d - a potion of curing {unknown}
 h - a potion of flight {unknown}


   Skills:
 + Level 2.6 Short Blades
 - Level 2.6 Dodging
 + Level 5.7 Stealth
 - Level 2.6 Spellcasting
 - Level 3.6 Hexes


You had 5 spell levels left.
You knew the following spells:

 Your Spells              Type           Power      Damage    Failure   Level
a - Ensorcelled Hibernat  Hex/Ice        14%        N/A       14%         2

Your spell library contained the following spells:

 Spells                   Type           Power      Damage    Failure   Level
 Confusing Touch          Hex            13%        N/A       13%         3
 Tukima's Dance           Hex            13%        N/A       13%         3
 Dazzling Flash           Conj/Hex       14%        N/A       28%         3


Dungeon Overview and Level Annotations

Branches:
Dungeon (2/15)

Altars:


Innate Abilities, Weirdness & Mutations

You are very small and have problems with some larger weapons.
You are too small for most types of armour.
You have supernaturally acute eyesight. (SInv)
You cover ground extremely quickly. (Speed+++)


Message History

A bat and a goblin come into view.
The goblin is wielding a +0 dagger of venom.
The goblin shouts!
The bat completely misses you.
Found a club and a scroll labelled NURGHO WOFAA.
Unknown command.
The bat barely misses you.
You start waiting.
A bat is nearby!
You miss the bat. The bat misses you. The bat barely misses you. x2
You barely miss the bat. The bat hits you but does no damage.
You hit the bat.
You kill the bat!
You see here a bat corpse.
Casting: Ensorcelled Hibernation (safe; 14% risk of failure)
Confirm with . or Enter, or press ? or * to list all spells.
Aiming: Ensorcelled Hibernation (safe; 14% risk of failure)
Press: ? - help, Shift-Dir - straight line, f - goblin
Aim: a goblin, wielding a +0 dagger of venom (chance to affect: 56%)
The goblin resists with significant effort.
You closely miss the goblin.
The goblin hits you with a +0 dagger of venom.
You are poisoned.
You completely miss the goblin.
You feel very sick. The goblin hits you but does no damage.
You miss the goblin.
You feel sick.
The goblin hits you with a +0 dagger of venom.
You are more poisoned.
You are too injured to fight recklessly!
You feel sick.
Unknown command.
* * * LOW HITPOINT WARNING * * *
You feel sick.
It was a potion of attraction.
You feel attractive to monsters.
* * * LOW HITPOINT WARNING * * *
You feel very sick.
Unknown command.
You die...

.....g###.......########...##
).....'..................#...
......###....##.#######.###.#
..... #.#.###.# #.## ##. ....
#.#...#.# ##.###.# ...
#†###.#.# ##.#.## #+# #.#
#.#.# ##.## #.# #.###.#.###
#.# #.# #)g.@.....#######.###
#
##.###########.###...<>......#
..##.†.#..........#
#######.#.#.#
.........#.###.#### #.#.#.#
#.##...#.#.# #.# #.#....
#.###.##.#.# #.# #.###.#
#..........# #.# #.###.#
#####.##.### #.# #.....#
#.##.# #.# #######


You could see a goblin.

Vanquished Creatures
  Jessica (D:2)
  3 goblins (D:1)
  2 hobgoblins (D:1)
  2 quokkas (D:1)
  2 ball pythons (D:1)
  A bat (D:1)
  2 frilled lizards (D:1)
13 creatures vanquished.

Notes
Turn   | Place    | Note
-------+----------+-------------------------------------------
     0 | D:1      | MirrMurr the Spriggan Enchanter began the quest for the
                  | Orb.
     0 | D:1      | Reached XP level 1. HP: 9/9 MP: 5/5
    70 | D:1      | Found a faded altar of an unknown god.
   129 | D:2      | Noticed Jessica
   130 | D:2      | Killed Jessica
   131 | D:2      | Reached skill level 5 in Stealth
   131 | D:2      | Reached XP level 2. HP: 3/13 MP: 6/6
   131 | D:2      | Reached XP level 3. HP: 4/16 MP: 8/8
   134 | D:2      | Learned a level 2 spell: Ensorcelled Hibernation
   960 | D:1      | Succumbed to a goblin's poison

Illustrated notes

Levels and vault maps discovered:
D:1:      dpeg_arrival_tiny_i, layout_loops_corners,
          chequers_ecumenical_altar_island
D:2:      layout_rooms, uniq_natasha, uniq_jessica

Skill      XL: |  1 |
---------------+----+-----
Short Blades   | 2 |  2.6
Stealth        | 5 |  5.7
Dodging        | |  2.6
Spellcasting   | |  2.6
Hexes          | |  3.6

Action                   || total
-------------------------++-------
Melee: Dagger            ||    27
 Cast: Ensorcelled Hiber ||     7
  Use: Potion            ||     1
 Stab: Sleeping          ||     8
Armor: Robe              ||     3
Dodge: Dodged            ||    14

Table legend: (Time is in decaauts)
 A = Elapsed time spent in this place.
 B = Non-inter-level travel time spent in this place.
 C = Inter-level travel time spent in this place.
 D = Time resting spent in this place.
 E = Time spent auto-exploring this place.
 F = Levels seen in this place.
 G = Mean time per level.
                   A        B        C        D        E       F      G
               +--------+--------+--------+--------+--------+-----+--------+
         Total |    757 |    736 |     21 |    261 |    353 |   2 |  378.5 |
       Dungeon |    757 |    736 |     21 |    261 |    353 |   2 |  378.5 |
               +--------+--------+--------+--------+--------+-----+--------+

Top non-repeatable levels by time:
     D:1: 525 daAuts
     D:2: 231 daAuts
